 Dungeon Crawl Stone Soup version 0.24.0-1-gfbc8707 (webtiles) character file.

Game seed: 872812770418648953, levelgen mode: deterministic

74 BleediousPenious the Shield-Bearer (level 4, -4/35 HPs)
             Began as a Human Fighter on Jan 11, 2020.
             Killed by divine providence
             ... invoked by an orc priest
              (16 damage)
             ... on level 3 of the Dungeon.
             The game lasted 00:05:04 (2593 turns).

BleediousPenious the Shield-Bearer (Human Fighter)  Turns: 2593, Time: 00:05:12

Health: -4/35      AC: 12    Str: 17    XL:     4   Next: 54%
Magic:  4/4        EV:  2    Int:  9    God:
Gold:   48         SH:  9    Dex: 12    Spells: 3/3 levels left

rFire    x . .     SeeInvis .   a - +0 long sword
rCold    + . .     Gourm    .   c - +0 shield
rNeg     . . .     Faith    .   n - +0 plate armour
rPois    .         Spirit   .   (no helmet)
rElec    .         Reflect  .   (no cloak)
rCorr    .         Harm     .   (no gloves)
MR       .....                  f - +0 pair of boots
Stlth    ..........             (no amulet)
HPRegen  0.11/turn              m - ring of wizardry
MPRegen  0.09/turn              o - ring of ice

@: no status effects
A: no striking features
a: no special abilities


You were on level 3 of the Dungeon.
You were very hungry.

You visited 1 branch of the dungeon, and saw 3 of its levels.

You collected 48 gold pieces.

Inventory:

Hand Weapons
 a - a +0 long sword (weapon)
Armour
 b - a +0 scale mail
 c - a +0 shield (worn)
 f - a +0 pair of boots (worn)
 n - a +0 plate armour (worn)
 q - a cursed +0 robe
Jewellery
 m - a ring of wizardry (left hand)
 o - a ring of ice (right hand)
Scrolls
 j - 2 scrolls of enchant weapon
 k - 2 scrolls of random uselessness
 l - 5 scrolls of remove curse
Potions
 d - 3 potions of might
 e - 2 potions of flight
 t - a potion of curing
Comestibles
 h - 2 rations


   Skills:
 + Level 3.4 Fighting
 + Level 3.2 Long Blades
 + Level 3.3 Armour
 + Level 3.6 Shields


You had 3 spell levels left.
You didn't know any spells.
Your spell library was empty.

Dungeon Overview and Level Annotations

Branches:
Dungeon (3/15)

Altars:
Elyvilon
Kikubaaqudgha
Okawaru


Message History

Your plate armour prevents you from hitting the orc priest.
The orc priest hits you but does no damage.
Your plate armour prevents you from hitting the orc priest.
The orc priest hits you but does no damage.
You closely miss the orc priest. You block the orc's attack.
The orc priest hits you but does no damage.
You closely miss the orc priest. The orc hits you but does no damage.
The orc priest barely misses you.
You riposte.
You hit the orc priest.
The orc priest is lightly wounded.
The orc barely misses you.
You closely miss the orc priest.
The orc priest is lightly wounded.
You block the orc priest's attack. The orc hits you but does no damage.
You slash the orc priest!
The orc priest is severely wounded.
The orc priest calls down the wrath of Beogh upon you.
Beogh smites you! You block the orc's attack.
The orc priest mumbles some strange prayers to Beogh against you.
Beogh smites you!
You die...

###.# #.o.o
#.#####...#
#.###
#.......###
#.#
#######.#
#.# #.#
##.########.
#...........
#.oo########
####..@####
#.........#
#.........#
#.........#
####...##.#
#...# .#
#...# #
#####


You could see an orc priest and an orc.

Vanquished Creatures
  2 adders (D:2)
  An ooze (D:2)
  A dart slug (D:1)
  2 orcs (D:2)
  3 giant cockroaches
  7 goblins
  8 hobgoblins
  10 bats
  2 frilled lizards (D:2)
  7 kobolds (D:1)
  6 rats
  17 plants (D:1)
66 creatures vanquished.

Notes
Turn   | Place    | Note
-------+----------+-------------------------------------------
     0 | D:1      | BleediousPenious the Human Fighter began the quest for the
                  | Orb.
     0 | D:1      | Reached XP level 1. HP: 18/18 MP: 1/1
   739 | D:1      | Reached XP level 2. HP: 24/24 MP: 2/2
  1176 | D:1      | Reached XP level 3. HP: 29/29 MP: 3/3
  1738 | D:2      | Reached XP level 4. HP: 26/35 MP: 4/4
  1870 | D:2      | Found an iron altar of Okawaru.
  1983 | D:2      | Found a faded altar of an unknown god.
  2157 | D:2      | Found an ancient bone altar of Kikubaaqudgha.
  2167 | D:2      | Found a white marble altar of Elyvilon.
  2593 | D:3      | Killed from afar by an orc priest

Levels and vault maps discovered:
D:1:      roderic_crop_circles_arrival_small, layout_loops_ring, minivault_11,
          minmay_domino_4
D:2:      layout_rooms, okawaru_trees_2, minitemple,
          chequers_ecumenical_altar_simple
D:3:      layout_loops_ring, lemuel_crystal_altar,
          nicolae_ru_the_path_less_chosen

Skill      XL: |  1  2  3  4 |
---------------+-------------+-----
Long Blades    | 3 |  3.2
Fighting       | |  3.4
Armour         | |  3.3
Shields        | |  3.6

Action                   |  1- 3 |  4- 6 || total
-------------------------+-------+-------++-------
Melee: Long sword        |   679 |    73 ||   752
  Use: Scroll            |       |     5 ||     5
       Potion            |       |     4 ||     4
  Eat: Ration            |     1 |     1 ||     2
Armor: Scale mail        |    29 |       ||    29
       Plate armour      |    32 |    71 ||   103
Dodge: Dodged            |    17 |    11 ||    28
Block: Shield            |    49 |    49 ||    98
       Rpst.: Long sword |     5 |     3 ||     8
